Map: Pillars of Gold LE

Players

hehei

  • Race: Terran Terran
  • League: Master
  • Spawn Location: 7:00

ViBE - Winner!

  • Race: Zerg Zerg
  • League: Bronze
  • Spawn Location: 1:00

VOD

https://www.youtube.com/watch?v=VjhJ7E-kFgw&list=PLFeZeom2b4DnD3FIu7pzkXl51JX_WWz2h&index=2

Description

Time

  • Played on: March 10, 2021, 11:35 p.m.
  • Length: 11:53
Show
View Real Time Build Order
Export as new Build Order

hehei Terran 

Build Orders:  

Get SALT Encoding   

  12  0:17  Supply Depot  
  12  0:28  Engineering Bay  
  12  0:49  Barracks  
  12  0:52  Refinery  
  12  0:56  Refinery  
  12  1:34  SCV  
  12  1:39  Reaper  
  14  1:46  SCV  
  15  1:55  Supply Depot  
  15  1:58  SCV  
  16  2:12  Bunker  
  16  2:18  Barracks Tech Lab  
  16  2:31  Factory  
  16  3:11  Marine  
  16  3:20  Orbital Command  
  16  3:27  Factory Tech Lab  
  16  3:29  Marine  
  17  3:35  Concussive Shells  
  17  3:47  Starport  
  17  3:48  Marauder  
  19  4:00  SCV  
  20  4:12  SCV  
  20  4:14  Siege Tank  
  24  4:24  SCV  
  24  4:25  Starport Tech Lab  
  24  4:26  Supply Depot  
  25  4:47  Banshee  
  28  5:11  Missile Turret  
  28  5:12  Command Center  
  28  5:18  Cloaking Field  
  28  5:28  Combat Shield  
  28  5:32  Fusion Core  
  28  6:00  Widow Mine  
  28  6:03  Refinery  
  30  6:27  Refinery  
  30  6:28  Orbital Command  
  30  6:38  Liberator  
  33  6:47  Stimpack  
  33  7:21  Battlecruiser  
  33  7:22  SCV  
  40  7:34  SCV  
  38  7:41  Marauder  
  40  7:44  Siege Tank  
  40  7:46  SCV  
  44  7:58  SCV  
  44  8:02  Marine, Missile Turret  
  46  8:11  SCV  
  47  8:15  SCV  
  48  8:23  Supply Depot  
  48  8:27  SCV  
  49  8:39  SCV  
  50  8:43  Supply Depot  
  50  8:46  Armory  
  50  8:47  SCV  
  51  8:51  SCV  
  52  8:59  SCV  
  53  9:03  SCV  
  53  9:08  Viking  
  56  9:11  SCV  
  56  9:15  SCV  
  58  9:23  SCV  
  59  9:27  SCV  
  60  9:35  SCV  
  61  9:39  SCV  
  62  9:50  Thor  
  68  9:54  SCV  
  69  10:06  SCV  
  70  10:17  Factory  
  70  10:28  Supply Depot x2  
  70  10:29  Supply Depot  
  70  10:49  Thor, SCV  
  77  10:50  Supply Depot x2  
  77  10:51  Supply Depot  
  77  11:01  SCV  
  78  11:09  Missile Turret  
  78  11:14  SCV  
  78  11:15  Factory Tech Lab  
  79  11:26  SCV  
  79  11:27  Starport  
  83  11:38  SCV  
Show
View Real Time Build Order
Export as new Build Order

ViBE Zerg - Winner!

Build Orders: Hatch First 

Get SALT Encoding   

  12  0:00  Drone  
  13  0:17  Overlord  
  13  0:23  Drone  
  14  0:38  Drone x2  
  16  0:54  Hatchery  
  15  0:58  Drone  
  15  1:03  Drone  
  17  1:07  Drone  
  18  1:22  Spawning Pool  
  18  1:25  Drone  
  18  1:28  Drone  
  19  1:33  Drone  
  20  1:47  Extractor  
  19  2:06  Overlord  
  19  2:08  Drone x2  
  21  2:12  Queen  
  21  2:13  Queen  
  25  2:20  Overlord  
  25  2:22  Drone  
  26  2:23  Drone  
  27  2:36  Drone x2  
  29  2:46  Drone x2  
  30  2:51  Drone  
  30  2:52  Drone  
  30  2:54  Lair  
  30  2:56  Queen  
  34  3:00  Drone  
  34  3:01  Drone  
  36  3:13  Drone x2  
  38  3:26  Overlord x2  
  38  3:27  Drone  
  38  3:28  Drone x5  
  44  3:40  Overlord  
  44  3:50  Extractor  
  44  3:53  Extractor  
  42  3:56  Roach Warren  
  42  4:00  Evolution Chamber  
  40  4:02  Evolution Chamber  
  40  4:07  Drone  
  40  4:08  Drone x9  
  49  4:29  Overlord  
  49  4:30  Hatchery  
  48  4:43  Glial Reconstitution  
  48  4:46  Zerg Missile Weapons Level 1  
  48  4:49  Roach  
  48  4:50  Roach x5  
  60  4:56  Queen  
  60  4:59  Overlord  
  62  5:00  Overlord  
  62  5:08  Drone x9  
  71  5:32  Drone x4  
  75  6:01  Hydralisk Den  
  75  6:02  Extractor  
  75  6:03  Extractor, Drone x12  
  84  6:09  Extractor  
  83  6:15  Overlord x3  
  83  6:24  Drone x3  
  83  6:25  Drone  
  87  6:31  Grooved Spines  
  87  6:38  Overlord  
  87  6:39  Overlord x3  
  87  6:40  Hatchery, Hydralisk x4  
  92  7:09  Hydralisk x8  
  104  7:17  Spore Crawler  
  104  7:19  Spore Crawler  
  104  7:20  Spore Crawler  
  98  7:26  Queen  
  97  7:32  Drone  
  97  7:33  Drone x9  
  107  7:40  Drone  
  107  7:43  Muscular Augments  
  108  7:45  Zerg Missile Weapons Level 2  
  108  7:46  Zerg Ground Armor Level 1  
  108  8:08  Hydralisk  
  108  8:09  Hydralisk x7  
  124  8:16  Drone x8  
  132  8:48  Overlord  
  132  8:49  Overlord x3  
  132  8:50  Overlord x2  
  132  8:51  Overlord  
  132  9:19  Hatchery  
  129  9:30  Hydralisk x18  
  162  10:38  Extractor x2, Spore Crawler  
  162  10:39  Drone x8  
  162  10:42  Drone x12  
  179  10:58  Extractor  
  179  11:02  Spore Crawler  
  179  11:03  Extractor  
Tags
 
Matchup
TvZ
Player
ViBE
Replay Pack
Bronze_League
Spawn Locations
Cross Positions
Add a new tag
Caveats
  • Supply blocks, unpowered buildings, or Contaminate may cause inaccurate times.
  • Supply counts are checked every 10 seconds.